 Dungeon Crawl Stone Soup version 0.29.0-4-gdea44cf6ec (webtiles) character file.

Game seed: 18382564820072215984

38 qw the Chopper (level 3, 0/21 HPs)
             Began as a Tengu Warper on Aug 28, 2022.
             Slain by a gnoll
             ... wielding a +0 whip
              (2 damage)
             ... on level 2 of the Dungeon.
             The game lasted 00:00:06 (1600 turns).

qw the Chopper (Tengu Warper)                       Turns: 1600, Time: 00:00:07

Health: 0/21       AC:  5    Str: 13    XL:     3   Next: 43%
Magic:  7/7        EV: 11    Int: 13    God:
Gold:   65         SH:  5    Dex: 13    Spells: 6/6 levels left

rFire   . . .      SeeInvis .   Y - +0 hand axe
rCold   . . .      Faith    .   (no shield)
rNeg    . . .      Spirit   .   d - +0 ring mail
rPois   .          Reflect  +   (helmet restricted)
rElec   .          Harm     .   (no cloak)
rCorr   .          Rampage  .   (no gloves)
Will    .....                   (boots unavailable)
Stlth   +.........              e - amulet of reflection
HPRegen 0.07/turn               (no ring)
MPRegen 0.10/turn               (no ring)

@: no status effects
A: beak, talons 3
a: no special abilities


You were on level 2 of the Dungeon.
You visited 1 branch of the dungeon, and saw 2 of its levels.

You collected 65 gold pieces.


Innate Abilities, Weirdness & Mutations

You have a beak for a mouth.
You have claws for feet.


   Skills:
 - Level 2.0 Fighting
 + Level 4.1 Axes
 - Level 1.0 Throwing
 - Level 1.1 Armour
 - Level 2.1 Dodging
 - Level 2.0 Spellcasting
 - Level 2.4 Translocations


You had 6 spell levels left.
You didn't know any spells.
Your spell library contained the following spells:

 Spells                   Type           Power      Damage    Failure   Level
 Blink                    Tloc           14%        N/A       30%         2
 Gell's Gravitas          Tloc           7%         N/A       52%         3
 Lesser Beckoning         Tloc           7%         N/A       52%         3
 Teleport Other           Tloc           7%         N/A       52%         3
 Manifold Assault         Tloc           7%         N/A       99%         5

Inventory:

Hand Weapons
 a - a +0 club
 Y - a +0 hand axe (weapon)
Armour
 d - a +0 ring mail (worn)
Jewellery
 e - an amulet of reflection (around neck)
Scrolls
 b - a scroll of poison {unknown}
 c - a scroll of identify {unknown}

Dungeon Overview and Level Annotations

Branches:
Dungeon (2/15)

Altars:


Message History

The gnoll hits you but does no damage.
You hit the gnoll. You peck the gnoll, but do no damage.
The gnoll is severely wounded.
The gnoll hits you but does no damage. The gnoll barely misses you.
You hit the gnoll but do no damage.
The gnoll is severely wounded.
The gnoll hits you with a +0 spear.
You hit the gnoll.
You kill the gnoll!
Your Axes skill increases to level 4!
You hit the gnoll but do no damage. You claw the gnoll.
The gnoll is moderately wounded.
The gnoll closely misses you.
You hit the gnoll but do no damage. You peck the gnoll, but do no damage.
The gnoll is moderately wounded.
The gnoll hits you with a +0 whip.
You barely miss the gnoll. You claw the gnoll. You peck the gnoll.
The gnoll is severely wounded.
The gnoll closely misses you.
You closely miss the gnoll. Your kick misses the gnoll.
The gnoll is severely wounded.
You block the gnoll's attack.
You closely miss the gnoll.
The gnoll is severely wounded.
The gnoll hits you with a +0 whip.
You hit the gnoll. Your kick misses the gnoll.
The gnoll is almost dead.
The gnoll hits you with a +0 whip.
You completely miss the gnoll. Your kick misses the gnoll.
Your punch misses the gnoll.
The gnoll is almost dead.
The gnoll barely misses you. The gnoll hits you with a +0 whip.
You closely miss the gnoll. Your kick misses the gnoll.
Your peck misses the gnoll.
The gnoll is severely wounded.
The gnoll closely misses you.
You hit the gnoll. You peck the gnoll.
The gnoll is almost dead.
The gnoll hits you with a +0 whip.
You die...

#..............#
#.###.###.####.##
###.###.###.###...##
.........#..##.....#
###.###..#.###.....#
###.###..#. .....
...%.....#. ...
####.###.# #g# #.#
#.# #@# ####.###.#
#.#
.........#.#####.#
..##..####.....#.#
...).............#
..##..########.###
.)...............#
.#######.#.###.#.#
.## #)#.# #.#.#


You could see a gnoll.

Vanquished Creatures
  A gnoll (D:2)
  A dart slug (D:2)
  3 endoplasms
  A giant cockroach (D:1)
  5 hobgoblins
  A quokka (D:1)
  4 bats
  2 frilled lizards
  2 goblins (D:2)
  3 kobolds
  2 rats
25 creatures vanquished.

Notes
Turn   | Place    | Note
-------+----------+-------------------------------------------
     0 | D:1      | qw the Tengu Warper began the quest for the Orb.
     0 | D:1      | Reached XP level 1. HP: 12/12 MP: 4/4
     0 | D:1      | 0 ||| qw: Version: 0.1-a-89-g26bdef1
     0 | D:1      | 0 ||| qw: Game counter: 1147
     0 | D:1      | 0 ||| qw: Always use a shield: true
     0 | D:1      | 0 ||| qw: God list: Okawaru
     0 | D:1      | 0 ||| qw: Allow faded altars: false
     0 | D:1      | 0 ||| qw: Do Orc after D:15 true
     0 | D:1      | 0 ||| qw: Do second Lair branch before Depths: true
     0 | D:1      | 0 ||| qw: Lair rune preference: random
     0 | D:1      | 0 ||| qw: Plans: Normal
     0 | D:1      | 0 ||| PLANNING D:1-11
   164 | D:1      | 164 ||| Stepping ~*~*~tactically~*~*~ (stealth).
   353 | D:1      | Reached XP level 2. HP: 13/17 MP: 6/6
   462 | D:1      | Reached skill level 3 in Axes
  1131 | D:1      | 1131 ||| UPGRADING to +0 ring mail.
  1141 | D:1      | 1141 ||| DROPPING +0 leather armour.
  1142 | D:1      | 1142 ||| UPGRADING to amulet of reflection.
  1147 | D:1      | 1147 ||| READING scroll labelled UDUIRO BUES.
  1152 | D:1      | 1152 ||| READING scroll labelled OPSUVV SEAMA.
  1153 | D:1      | 1153 ||| DROPPING scroll of blinking.
  1504 | D:2      | 1504 ||| Stepping ~*~*~tactically~*~*~ (hiding).
  1506 | D:2      | 1506 ||| Stepping ~*~*~tactically~*~*~ (hiding).
  1519 | D:2      | Reached XP level 3. HP: 20/21 MP: 7/7
  1592 | D:2      | Reached skill level 4 in Axes
  1598 | D:2      | HP: 2/21 [gnoll/+0 whip (5)]
  1600 | D:2      | Slain by a gnoll

Levels and vault maps discovered:
D:1:      erik_arrival_blinker_ship, layout_loops_corners
D:2:      layout_loops_ring

Skill      XL: |  1  2  3 |
---------------+----------+-----
Axes           | 3 4 |  4.1
Fighting       | |  2.0
Throwing       | |  1.0
Armour         | |  1.1
Dodging        | |  2.1
Spellcasting   | |  2.0
Translocations | |  2.4

Action                   || total
-------------------------++-------
Melee: Hand axe          ||    68
       Kick              ||    11
       Peck              ||    14
       Punch             ||     2
Throw: Boomerang         ||     7
  Use: Scroll            ||     2
Armor: Leather armour    ||     5
       Ring mail         ||     9
Dodge: Dodged            ||    23
Block: Other             ||     5

Table legend:
 A = Non-vault XP
 B = Vault XP
 C = Vault XP percentage of total XP
 D = Non-vault monster count
 E = Vault monster count
 F = Vault count percentage of total count
                 A         B        C        D         E       F
            +---------+---------+-------+---------+---------+-------
      Total |      55 |       0 |   0.0 |      25 |       0 |   0.0
            +---------+---------+-------+---------+---------+-------
        D:1 |      20 |       0 |   0.0 |      12 |       0 |   0.0
        D:2 |      35 |       0 |   0.0 |      13 |       0 |   0.0
            +---------+---------+-------+---------+---------+-------
